 Dungeon Crawl Stone Soup version 0.23.2-33-g5129a83184 (webtiles) character file.

Game seed: 15674479134757104563

1137 FishyPogo the Insei (level 8, 0/72 HPs)
             Began as a Gnoll Transmuter on Aug 4, 2019.
             Was a Believer of Elyvilon.
             Shot with an arrow by a centaur (8 damage)
             ... on level 5 of the Dungeon.
             The game lasted 00:29:14 (4496 turns).

FishyPogo the Insei (Gnoll Transmuter)              Turns: 4496, Time: 00:29:15

Health: 0/72       AC:  6    Str: 15    XL:     8   Next: 36%
Magic:  17/17      EV: 13    Int: 16    God:    Elyvilon [**....]
Gold:   188        SH:  0    Dex: 15    Spells: 9/19 levels left

rFire    x . .     SeeInvis .     - Unarmed
rCold    + + +     Gourm    .   (shield currently unavailable)
rNeg     . . .     Faith    .   (armour currently unavailable)
rPois    +         Spirit   .   (helmet currently unavailable)
rElec    .         Reflect  .   (cloak currently unavailable)
rCorr    .         Harm     .   (gloves currently unavailable)
MR       .....                  (boots currently unavailable)
Stlth    ++........             (no amulet)
HPRegen  0.22/turn              (no ring)
MPRegen  0.15/turn              (no ring)

@: ice-form (expiring)
A: large, distributed training, strong nose
a: End Transformation, Lesser Healing, Heal Other, Divine Protection, Renounce
Religion


You were on level 5 of the Dungeon.
You worshipped Elyvilon.
Elyvilon was pleased with you.
You were hungry.
You were a creature of crystalline ice.
You visited 1 branch of the dungeon, and saw 5 of its levels.

You collected 188 gold pieces.

Inventory:

Hand Weapons
 b - a +1 flail of protection
 r - a +0 blowgun
Missiles
 f - 88 stones (quivered)
 q - 37 poisoned needles
 t - 38 arrows
 w - 6 curare-tipped needles
 x - 8 needles of sleeping
Armour
 j - a +0 leather armour (melded)
 l - a +0 cloak (melded)
 u - a +0 pair of boots
Magical Staves
 a - an uncursed staff of wizardry (melded)
Wands
 n - a wand of paralysis (9)
 p - a wand of disintegration (20)
Scrolls
 c - 6 scrolls of identify {unknown}
 e - 2 scrolls of enchant armour {unknown}
 g - 4 scrolls of enchant weapon {unknown}
 m - 2 scrolls of teleportation {unknown}
 o - 2 scrolls of remove curse {unknown}
 s - a scroll of immolation {unknown}
Potions
 h - a potion of brilliance {unknown}
 i - a potion of mutation {unknown}
 k - 2 potions of degeneration {unknown}
 v - a potion of might {unknown}
 A - a potion of curing
 B - 2 potions of heal wounds {unknown}
Comestibles
 d - 6 rations
 z - a chunk of flesh


   Skills:
 + Level 4.1 Fighting
 + Level 3.1 Short Blades
 + Level 3.1 Long Blades
 + Level 3.1 Axes
 + Level 3.1 Maces & Flails
 + Level 3.1 Polearms
 + Level 3.1 Staves
 + Level 3.1 Slings
 + Level 3.1 Bows
 + Level 3.1 Crossbows
 + Level 3.1 Throwing
 + Level 3.1 Armour
 + Level 5.6 Dodging
 + Level 3.1 Stealth
 + Level 3.1 Shields
 + Level 7.3 Unarmed Combat
 + Level 6.0 Spellcasting
 + Level 2.5 Conjurations
 + Level 2.5 Hexes
 + Level 2.5 Charms
 + Level 2.5 Summonings
 + Level 2.5 Necromancy
 + Level 2.5 Translocations
 + Level 4.6 Transmutations
 + Level 2.5 Fire Magic
 + Level 2.5 Ice Magic
 + Level 2.5 Air Magic
 + Level 2.5 Earth Magic
 + Level 2.5 Poison Magic
 + Level 3.4 Invocations
 + Level 3.1 Evocations


You had 9 spell levels left.
You knew the following spells:

 Your Spells              Type           Power        Failure   Level  Hunger
a - Beastly Appendage     Tmut           ###...       1%          1    None
b - Spider Form           Tmut/Pois      ###.......   10%         3    ##.....
c - Ice Form              Ice/Tmut       ###.....     30%         4    ####...
d - Sticks to Snakes      Tmut           ###.....     3%          2    #......

Your spell library contained the following spells:

 Spells                   Type           Power        Failure   Level  Hunger
 Blade Hands              Tmut           ###.......   50%         5    ######.


Dungeon Overview and Level Annotations

Branches:
Dungeon (5/15)
 Temple: D:4-7

Altars:
Cheibriados
Dithmenos
Elyvilon
Fedhas
Ru


Innate Abilities, Weirdness & Mutations

Your experience applies equally to all skills.
((You have very sharp teeth.))
Your uncanny sense of smell can sniff out nearby items.


Message History

The centaur hits the bush but does no damage.
The centaur wields a +0 shortbow.
The centaur shoots an arrow.
The arrow hits you.
The centaur shoots an arrow.
The arrow closely misses you.
You see here an arrow.
The centaur shoots an arrow.
The arrow barely misses you.
The centaur shoots an arrow.
The arrow hits you!
You see here an arrow.
The centaur shoots an arrow.
The arrow hits you!
The centaur shoots an arrow.
The arrow hits you but does no damage.
You see here 2 arrows.
The centaur shoots an arrow.
The arrow hits you!
* * * LOW HITPOINT WARNING * * *
You see here an arrow.
Something hits the bush.
Found 3 scrolls labeled NAXZAX MUC LOWK.
The centaur wields a +0 shortbow.
The centaur shoots an arrow.
The arrow hits you!
* * * LOW HITPOINT WARNING * * *
The centaur shoots an arrow.
The arrow hits you!
You die...

.# #.............#
#.......... .#
#....(...?...(# #..........
.# #.............# #
#.......... .#
#....#........#.# #..........
.# #............(#.#
#.......... .#
..P.PPP..%(..#.##############
.# P.PcP.....(.....?. .#
P_PP.#.(......... ##
PP..((.Y.......


PP.............. .................. ..#.###.###....... .... #.# ....... ..# #.#
....... . #.. #.....# ##. .....# You could see a centaur.

Vanquished Creatures
  Duvessa (D:5)
  2 phantoms (D:4)
  An ogre (D:4)
  A centaur (D:5)
  Dowan (D:5)
  2 scorpions (D:4)
  A howler monkey (D:3)
  An orc priest (D:3)
  2 hounds (D:4)
  A bullfrog skeleton (D:4)
  An iguana (D:4)
  Natasha (thrice) (D:3 D:2)
  2 worker ants (D:4)
  A hound skeleton (D:4)
  6 gnolls
  8 adders
  3 oozes
  An adder skeleton (D:4)
  3 worms (D:2)
  2 dart slugs
  A leopard gecko (D:4)
  7 orcs (D:3)
  2 ball pythons
  7 bats
  3 giant cockroaches
  8 goblins
  4 hobgoblins
  4 jackals
  2 quokkas
  3 frilled lizards
  7 kobolds
  2 quokka skeletons (D:4)
  8 rats
101 creatures vanquished.

Notes
Turn   | Place    | Note
-------+----------+-------------------------------------------
     0 | D:1      | FishyPogo the Gnoll Transmuter began the quest for the Orb.
     0 | D:1      | Reached XP level 1. HP: 17/17 MP: 6/6
   182 | D:1      | Reached XP level 2. HP: 23/23 MP: 7/7
  1109 | D:2      | Reached skill level 5 in Spellcasting
  1109 | D:2      | Reached XP level 3. HP: 21/28 MP: 7/9
  1243 | D:2      | Reached skill level 1 in Invocations
  1448 | D:2      | Found a white marble altar of Elyvilon.
  1466 | D:2      | Reached skill level 1 in Short Blades
  1466 | D:2      | Reached skill level 1 in Long Blades
  1466 | D:2      | Reached skill level 1 in Axes
  1466 | D:2      | Reached skill level 1 in Maces & Flails
  1466 | D:2      | Reached skill level 1 in Polearms
  1466 | D:2      | Reached skill level 1 in Staves
  1466 | D:2      | Reached skill level 1 in Slings
  1466 | D:2      | Reached skill level 1 in Bows
  1466 | D:2      | Reached skill level 1 in Crossbows
  1466 | D:2      | Reached skill level 1 in Throwing
  1466 | D:2      | Reached skill level 1 in Armour
  1466 | D:2      | Reached skill level 1 in Stealth
  1466 | D:2      | Reached skill level 1 in Shields
  1466 | D:2      | Reached skill level 1 in Evocations
  1466 | D:2      | Reached XP level 4. HP: 32/34 MP: 11/11
  1491 | D:2      | Became a worshipper of Elyvilon the Healer
  1899 | D:3      | Found a shadowy altar of Dithmenos.
  1987 | D:3      | Noticed Natasha
  2043 | D:3      | Killed Natasha
  2043 | D:3      | Reached skill level 1 in Conjurations
  2043 | D:3      | Reached skill level 1 in Hexes
  2043 | D:3      | Reached skill level 1 in Charms
  2043 | D:3      | Reached skill level 1 in Summonings
  2043 | D:3      | Reached skill level 1 in Necromancy
  2043 | D:3      | Reached skill level 1 in Translocations
  2043 | D:3      | Reached skill level 1 in Fire Magic
  2043 | D:3      | Reached skill level 1 in Ice Magic
  2043 | D:3      | Reached skill level 1 in Air Magic
  2043 | D:3      | Reached skill level 1 in Earth Magic
  2043 | D:3      | Reached skill level 1 in Poison Magic
  2061 | D:3      | Reached XP level 5. HP: 40/40 MP: 12/12
  2091 | D:3      | Found a sacrificial altar of Ru.
  2202 | D:3      | Noticed Natasha
  2226 | D:2      | Killed Natasha
  2488 | D:2      | Noticed Natasha
  2494 | D:2      | Killed Natasha
  2553 | D:3      | Reached XP level 6. HP: 30/47 MP: 13/13
  2719 | D:3      | Reached * piety under Elyvilon
  2850 | D:3      | Reached skill level 5 in Dodging
  3137 | D:4      | Reached XP level 7. HP: 31/52 MP: 15/15
  3285 | D:4      | Learned a level 3 spell: Spider Form
  3290 | D:4      | Learned a level 4 spell: Ice Form
  3311 | D:4      | Reached skill level 7 in Unarmed Combat
  3628 | D:4      | Reached ** piety under Elyvilon
  3675 | D:4      | Reached XP level 8. HP: 60/60 MP: 16/16
  3749 | D:4      | Found a snail-covered altar of Cheibriados.
  4030 | D:5      | Entered Level 5 of the Dungeon
  4287 | D:5      | Noticed Duvessa
  4323 | D:5      | Learned a level 2 spell: Sticks to Snakes
  4463 | D:5      | Noticed Dowan
  4469 | D:5      | Killed Duvessa
  4483 | D:5      | Killed Dowan
  4485 | D:5      | Found a blossoming altar of Fedhas.
  4496 | D:5      | Shot with an arrow by a centaur

Skill      XL: |  1  2  3  4  5  6  7  8 |
---------------+-------------------------+-----
Spellcasting   | 5 6 |  6.0
Invocations    | 1 2 3 |  3.4
Short Blades   | 1 2 3 |  3.1
Long Blades    | 1 2 3 |  3.1
Axes           | 1 2 3 |  3.1
Maces & Flails | 1 2 3 |  3.1
Polearms       | 1 2 3 |  3.1
Staves         | 1 2 3 |  3.1
Slings         | 1 2 3 |  3.1
Bows           | 1 2 3 |  3.1
Crossbows      | 1 2 3 |  3.1
Throwing       | 1 2 3 |  3.1
Armour         | 1 2 3 |  3.1
Stealth        | 1 2 3 |  3.1
Shields        | 1 2 3 |  3.1
Evocations     | 1 2 3 |  3.1
Conjurations   | 1 2 |  2.5
Hexes          | 1 2 |  2.5
Charms         | 1 2 |  2.5
Summonings     | 1 2 |  2.5
Necromancy     | 1 2 |  2.5
Translocations | 1 2 |  2.5
Fire Magic     | 1 2 |  2.5
Ice Magic      | 1 2 |  2.5
Air Magic      | 1 2 |  2.5
Earth Magic    | 1 2 |  2.5
Poison Magic   | 1 2 |  2.5
Fighting       | 3 4 |  4.1
Transmutations | 4 |  4.6
Dodging        | 5 |  5.6
Unarmed Combat | 7 |  7.3

Action                   |  1- 3 |  4- 6 |  7- 9 || total
-------------------------+-------+-------+-------++-------
Melee: Unarmed           |    67 |   148 |    52 ||   267
       Kick              |     3 |     7 |       ||    10
       Bite              |     4 |    18 |     4 ||    26
       Punch             |     2 |     7 |     1 ||    10
       Headbutt          |     1 |       |       ||     1
       Flail             |       |    13 |    30 ||    43
       Blowgun           |       |       |     5 ||     5
       Staff             |       |       |    14 ||    14
 Fire: Blowgun           |       |     4 |     3 ||     7
Throw: Stone             |    22 |    20 |    17 ||    59
 Cast: Beastly Appendage |     5 |     7 |       ||    12
       Ice Form          |       |       |     5 ||     5
       Spider Form       |       |       |     2 ||     2
  Use: Potion            |       |     2 |       ||     2
 Stab: Sleeping          |     2 |     5 |       ||     7
       Distracted        |       |     1 |       ||     1
  Eat: Chunk             |     1 |     6 |     5 ||    12
Armor: Robe              |     4 |       |       ||     4
       Leather armour    |     7 |    35 |    10 ||    52
       Skin              |       |       |    11 ||    11
Dodge: Dodged            |    35 |   105 |    68 ||   208
